 Dungeon Crawl Stone Soup version 0.31.0-32-g396128a36d (webtiles) character file.

Game seed: 6587454012770879392

33929 Xomster the Executioner (level 13, -21/184 HPs)
             Began as a Minotaur Berserker on Mar 14, 2024.
             Was a High Priest of Trog.
             Demolished by an orc warlord
             ... wielding a +1 battleaxe of venom
              (30 damage)
             ... on level 2 of the Orcish Mines.
             The game lasted 02:04:37 (16251 turns).

Xomster the Executioner (Minotaur Berserker)       Turns: 16251, Time: 02:04:40

Health: -21/184    AC: 20    Str: 23    XL:     13   Next: 39%
Magic:  12/12      EV:  9    Int:  4    God:    Trog [*****.]
Gold:   710        SH:  0    Dex: 10    Spells: 12/12 levels left

rFire   + . .        a - +2 battleaxe (venom)
rCold   + . .        (shield currently unavailable)
rNeg    . . .        n - +2 chain mail {Will+}
rPois   .            v - +1 hat {Stlth+}
rElec   .            g - +1 cloak
rCorr   .            D - +0 pair of gloves
SInv    +            s - +0 pair of boots
Will    +++..        (no amulet) Stlth
                     p - ring of the Burning God {rF+ rC+ Str-4 SInv}
HPRegen 1.50/turn    (no ring)
MPRegen 0.13/turn

%: no passive effects
@: berserking, lethally poisoned (-21 -> -29), strong-willed, regenerating, very
quick
A: horns 2, retaliatory headbutt
a: Renounce Religion, Berserk, Trog's Hand, Brothers in Arms


You were on level 2 of the Orcish Mines.
You worshipped Trog.
Trog was extremely pleased with you.
You visited 3 branches of the dungeon, and saw 17 of its levels.
You visited 1 bazaar.

You collected 1034 gold pieces.
You spent 324 gold pieces at shops.

Inventory:

Hand Weapons
 a - a +2 battleaxe of venom (weapon)
 b - a +1 battleaxe of flaming
Armour
 g - a +1 cloak (worn)
 l - the +2 scale mail of Acwiamoi {Will++ Str-3 Stlth+}
   (You bought it in a shop in a bazaar)

   Str-3:     It affects your strength (-3).
   Will++:    It greatly increases your willpower.
   Stlth+:    It makes you more stealthy.
 n - a +2 chain mail of willpower (worn)
 s - a +0 pair of boots (worn)
 t - a +0 buckler of protection
 v - a +1 hat of stealth (worn)
 D - a +0 pair of gloves (worn)
 E - a +1 plate armour of fire resistance
Jewellery
 p - the ring of the Burning God (left hand) {rF+ rC+ Str-4 SInv}
   (You acquired it on level 6 of the Dungeon)

   [ring of protection from fire]

   Str-4:     It affects your strength (-4).
   rF+:       It protects you from fire.
   rC+:       It protects you from cold.
   SInv:      It lets you see invisible.
Wands
 m - a wand of paralysis (5)
 o - a wand of flame (7)
 r - a wand of polymorph (5)
 z - a wand of digging (6)
 A - a wand of roots (6)
Scrolls
 j - 4 scrolls of teleportation
 k - 2 scrolls of enchant weapon
 y - 2 scrolls of revelation
 F - a scroll of fear {unknown}
Potions
 c - 2 potions of cancellation
 d - 3 potions of brilliance
 e - 2 potions of haste
 f - a potion of resistance
 h - 4 potions of might
 i - a potion of enlightenment
 q - 4 potions of curing
 u - 2 potions of lignification
 w - 2 potions of mutation
 x - a potion of invisibility
 B - 2 potions of heal wounds
Miscellaneous
 C - a lightning rod (4/4)


   Skills:
 + Level 13.8 Fighting
 * Level 21.1 Axes
 - Level 11.4 Armour
 - Level 2.1 Dodging


You had 12 spell levels left.
You didn't know any spells.
Your spell library was empty.

Dungeon Overview and Level Annotations

Branches:
Dungeon (14/15)            Temple (1/1) D:4            Lair (0/5) D:9
    Orc (2/2) D:9             Elf (0/3) Orc:2
 Vaults: D:13-14

Altars:
Ashenzari
Cheibriados
Dithmenos
Elyvilon
Fedhas
Gozag
Hepliaklqana
Kikubaaqudgha
Makhleb
Nemelex Xobeh
Okawaru
Qazlal
Ru
Sif Muna
Trog
Uskayaw
Vehumet
Wu Jian
Xom
Yredelemnul
Zin
The Shining One

Shops:
D:1 (   D:5 =   D:7 :   Orc:2 ?*

Annotations:
D:5 3 runed translucent doors, fedepesso's ghost, amateur DsRe
D:14 1 transporter


Innate Abilities, Weirdness & Mutations

You have a pair of horns on your head.
You reflexively headbutt those who attack you in melee.


Message History

You headbutt the orc warlord, but do no damage.
The orc warlord is lightly wounded.
You feel sick.
A troll comes into view.
The orc warrior barely misses you.
The orc warlord hits you with a +1 battleaxe of venom!
You are more poisoned.
Your skin crawls.
You feel strong-willed.
You feel extremely sick.
The orc warrior hits you but does no damage.
The orc warlord hits you with a +1 battleaxe of venom.
You are more poisoned.
A red film seems to cover your vision as you go berserk!
You feel yourself moving faster!
You feel mighty!
You feel extremely sick.
The orc warrior hits you from afar with a +0 halberd!!
* * * LOW HITPOINT WARNING * * *
The orc warlord hits you with a +1 battleaxe of venom!!
* * * LOW HITPOINT WARNING * * *
You slice the orc warlord!!
The orc warlord is heavily wounded.
You feel very sick.
You slice the orc warlord!!
The orc warlord is severely wounded.
You feel sick. The orc warrior closely misses you.
The orc warlord hits you with a +1 battleaxe of venom!
* * * LOW HITPOINT WARNING * * *
You are too berserk!
You hit the orc warlord.
The orc warlord is severely wounded.
* * * LOW HITPOINT WARNING * * *
You feel sick.
You hit the orc warlord. You headbutt the orc warlord.
The orc warlord is almost dead.
* * * LOW HITPOINT WARNING * * *
You feel very sick. The orc warrior barely misses you.
The orc warlord hits you with a +1 battleaxe of venom!!
You die...

.....# #..........# #.# ##..
##...######.####.....# +)####...
##...)))...#..#..⌠..# #....'...
#....####.).(#.^...####.####...
###)...####.#..#......))).###....
#..)..##..#.####T#####.####.#....
......##..[.....o#.(.#.# #....#..
....####?.#....#o#)..#.###....#..
....#######....#@##'##.##.#..##..
.#####.........#.......####..##..
.# ##'###'###'###.###'## ###.##.
## #.).#.).#...##'##.))# ###)#
#...#...#...#8.8#...#### #)##
#############...#####..####..
#### #####..............##..#
...## ###.....................##
....####......[[..........)....#.


You could see an orc warlord (extremely poisoned), a troll and an orc warrior
(strong).

Vanquished Creatures
  Azrael (Orc:2)
  Josephine (Orc:2)
  4 two-headed ogres
  3 tengu warriors
  A deep elf pyromancer (D:14)
  6 orc knights (Orc:2)
  4 orc sorcerers (Orc:2)
  An ugly thing (D:12)
  7 cyclopes
  An elephant (D:9)
  2 kobold blastminers
  Maggie (D:6)
  A gargoyle (D:12)
  An unseen horror (D:11)
  A komodo dragon (D:9)
  10 trolls
  2 hornets
  15 slime creatures
  2 shadows
  A spriggan (D:8)
  6 wraiths
  2 basilisks (D:9)
  12 yaks
  4 fire elementals (Orc:2)
  5 wargs
  6 vampire mosquitoes
  Edmund (D:5)
  3 acid dragons
  3 hell hounds (Orc:2)
  Duvessa (D:5)
  A water moccasin (D:9)
  26 orc warriors
  A sky beast (D:6)
  2 black bears (D:7)
  7 wolves (Orc:1)
  4 centaurs
  11 ogres
  2 kobold brigands
  A phantom (D:5)
  4 bullfrogs
  4 scorpions
  4 wights (D:9)
  Dowan (D:5)
  9 killer bees
  A bombardier beetle (D:5)
  4 hounds
  2 jellies
  19 orc priests
  A gnoll bouda (D:6)
  5 iguanas
  2 sleepcaps
  16 orc wizards
  4 gnolls
  9 adders
  2 dart slugs (D:1)
  85 orcs
  6 ball pythons
  4 endoplasms
  2 giant cockroaches (D:2)
  7 goblins
  6 hobgoblins
  4 jackals (D:1)
  23 kobolds
  5 bats
  6 frilled lizards
  6 rats
404 creatures vanquished.

Notes
Turn   | Place    | Note
-------+----------+-------------------------------------------
     0 | D:1      | Xomster the Minotaur Berserker began the quest for the Orb.
     0 | D:1      | Reached XP level 1. HP: 19/19 MP: 0/0
    64 | D:1      | Reached skill level 4 in Axes
   244 | D:1      | Reached XP level 2. HP: 26/26 MP: 1/1
   294 | D:1      | Found Unnahu's Antique Weapon Boutique.
   682 | D:1      | Reached skill level 5 in Axes
   688 | D:1      | Reached ** piety under Trog
   696 | D:1      | Reached XP level 3. HP: 29/31 MP: 2/2
  1688 | D:2      | Reached XP level 4. HP: 39/39 MP: 3/3
  1689 | D:2      | Reached skill level 6 in Axes
  1978 | D:2      | Found a faded altar of an unknown god.
  2663 | D:4      | Reached skill level 7 in Axes
  2663 | D:4      | Reached XP level 5. HP: 19/45 MP: 4/4
  3029 | D:4      | Found a staircase to the Ecumenical Temple.
  3038 | Temple   | Entered the Ecumenical Temple
  3127 | D:5      | Entered Level 5 of the Dungeon
  3401 | D:5      | Found Qarphigefo's Jewellery Shoppe.
  3462 | D:5      | Noticed Edmund
  3471 | D:5      | Killed Edmund
  3472 | D:5      | Reached skill level 8 in Axes
  3472 | D:5      | Reached XP level 6. HP: 27/51 MP: 5/5
  3573 | D:5      | Noticed Dowan
  3583 | D:5      | Killed Dowan
  3629 | D:5      | Found a runed translucent gate.
  3629 | D:5      | Found a runed translucent gate.
  3631 | D:5      | Found a runed translucent gate.
  3649 | D:5      | Reached skill level 9 in Axes
  3660 | D:5      | Noticed fedepesso's ghost (amateur DsRe)
  3719 | D:5      | Reached XP level 7. HP: 57/57 MP: 6/6
  3761 | D:5      | Reached *** piety under Trog
  3985 | D:5      | Reached skill level 10 in Axes
  4005 | D:5      | Noticed Duvessa
  4021 | D:5      | Killed Duvessa
  4643 | D:6      | Reached skill level 11 in Axes
  4791 | D:6      | Found a snail-covered altar of Cheibriados.
  4793 | D:6      | Noticed Maggie
  4807 | D:6      | Killed Maggie
  4808 | D:6      | Reached skill level 12 in Axes
  4808 | D:6      | Reached XP level 8. HP: 54/64 MP: 7/7
  4841 | D:6      | Found a hide-covered altar of Uskayaw.
  5053 | D:6      | Reached skill level 13 in Axes
  5466 | D:6      | Identified a scroll of acquirement
  5466 | D:6      | Acquired the ring of the Burning God {rF+ rC+ Str-4 SInv}
  5525 | D:7      | Reached skill level 14 in Axes
  5531 | D:7      | Noticed a hornet
  5582 | D:7      | Paralysed by a hornet for 1 turns
  5583 | D:7      | Killed a hornet
  5584 | D:7      | Reached XP level 9. HP: 51/71 MP: 8/8
  5850 | D:7      | Found Fiociz's Book Shoppe.
  5938 | D:7      | Reached skill level 5 in Fighting
  6227 | D:8      | Reached **** piety under Trog
  6228 | D:8      | Reached skill level 5 in Armour
  6317 | D:8      | Found a shimmering altar of Xom.
  6317 | D:8      | Found a shimmering blue altar of Sif Muna.
  6318 | D:8      | Found a glowing golden altar of the Shining One.
  6325 | D:8      | Found an ornate altar of the Wu Jian Council.
  6821 | D:9      | Noticed an elephant
  6835 | D:9      | Killed an elephant
  6840 | D:9      | Reached XP level 10. HP: 88/88 MP: 9/9
  6993 | D:9      | Found a staircase to the Lair.
  7240 | D:9      | Found a staircase to the Orcish Mines.
  7281 | D:9      | Reached skill level 10 in Fighting
  7369 | D:9      | Found a shadowy altar of Dithmenos.
  7564 | D:9      | Reached skill level 10 in Armour
  7985 | D:10     | Entered Level 10 of the Dungeon
  8020 | D:10     | Noticed a two-headed ogre
  8030 | D:10     | Killed a two-headed ogre
  8177 | D:10     | Paralysed by a hornet for 2 turns
  8415 | D:10     | Reached ***** piety under Trog
  8454 | D:10     | Received a gift from Trog
  8460 | D:10     | Reached XP level 11. HP: 102/102 MP: 10/10
  8926 | D:11     | Noticed a tengu warrior
  8926 | D:11     | Noticed a tengu warrior
  8942 | D:11     | Killed a tengu warrior
  8949 | D:11     | Killed a tengu warrior
 10095 | D:12     | Reached skill level 15 in Axes
 10192 | D:12     | Found a flickering gateway to a bazaar.
 10209 | Bazaar   | Entered a bazaar
 10209 | Bazaar   | Found Ewnal's Magic Scroll Shoppe.
 10209 | Bazaar   | Found Qiejum's Weapon Emporium.
 10213 | Bazaar   | Found Gaba's Assorted Antiques.
 10227 | Bazaar   | Found Mupirph's Antique Armour Emporium.
 10235 | Bazaar   | Bought a dazzling scale mail for 324 gold pieces
 10235 | Bazaar   | Identified the +2 scale mail of Acwiamoi {Will++ Str-3
                  | Stlth+} (You bought it in a shop in a bazaar)
 10462 | D:12     | Noticed a two-headed ogre
 10465 | D:12     | Noticed a two-headed ogre
 10471 | D:12     | Killed a two-headed ogre
 10477 | D:12     | Killed a two-headed ogre
 10478 | D:12     | Reached skill level 16 in Axes
 10711 | D:12     | You fall into a shaft and drop 2 floors!
 10959 | D:14     | Found a transporter.
 10965 | D:14     | Noticed a brown ugly thing
 10981 | D:14     | Noticed a tengu warrior
 10984 | D:14     | Noticed a deep elf pyromancer
 10990 | D:14     | Killed a tengu warrior
 10999 | D:14     | Killed a deep elf pyromancer
 11000 | D:14     | Reached skill level 17 in Axes
 11407 | D:12     | Reached XP level 12. HP: 108/111 MP: 11/11
 11841 | D:12     | Reached skill level 18 in Axes
 12649 | Orc:1    | Entered Level 1 of the Orcish Mines
 12733 | Orc:1    | Reached skill level 19 in Axes
 13020 | Orc:2    | Entered Level 2 of the Orcish Mines
 13196 | Orc:2    | Noticed a two-headed ogre
 13221 | Orc:2    | Killed a two-headed ogre
 13605 | Orc:2    | Received a gift from Trog
 13772 | Orc:2    | Noticed Josephine
 13780 | Orc:2    | Killed Josephine
 13974 | Orc:2    | Reached skill level 20 in Axes
 14002 | Orc:2    | Paralysed by an orc sorcerer for 3 turns
 14012 | Orc:2    | Noticed an orc high priest
 14020 | Orc:2    | Noticed a two-headed ogre
 14584 | Orc:2    | Reached XP level 13. HP: 69/122 MP: 12/12
 14747 | Orc:2    | Found Jipral's General Store.
 14879 | Orc:2    | Found Uturaph's Magic Scroll Shop.
 15572 | Orc:2    | Found a staircase to the Elven Halls.
 15847 | Orc:2    | Noticed Azrael
 16193 | Orc:2    | Killed Azrael
 16194 | Orc:2    | Reached skill level 21 in Axes
 16215 | Orc:2    | Noticed an orc warlord
 16251 | Orc:2    | HP: 9/184 [poisoned by an orc warlord]
 16251 | Orc:2    | Demolished by an orc warlord

Illustrated notes

Levels and vault maps discovered:
D:1:      spicycebolla_arrival_transporter_tutorial, layout_basic, serial_shops,
          shop, kennysheep_nondescript
D:2:      kennysheep_six_static_rooms, layout_basic,
          shapermc_ecumenical_altar_ellora, minivault_11, serial_bayou_pond_e
D:3:      layout_basic
D:4:      layout_gridville, minmay_temple_entry_poolview
D:5:      layout_loops_corners, gammafunk_ghost_necromancy, serial_shops,
          nicolae_shop_gaudy_bauble, nrook_uturn, uniq_edmund, uniq_duvessa
D:6:      layout_loops_ring, grunt_temple_overflow_open, uniq_maggie
D:7:      kennysheep_windowed_halls, layout_cave_pools, serial_shops,
          nicolae_square_shop
D:8:      cheibrodos_elevator_heist, layout_cave_pools,
          nicolae_overflow_quartered_altars, the_hattery
D:9:      layout_basic, grunt_dithmenos_smoke, david_lair_generic, orc_0_dummy
D:10:     layout_loops_cross
D:11:     layout_stronghold
D:12:     layout_gridville, serial_shops, bzr_entry_islet
D:13:     layout_layer_cave, david_vaults_4, uniq_lodul
D:14:     layout_stronghold, minmay_misc_feat_ornament,
          gammafunk_ghost_abyssal_escape
Temple:   hellmonk_temple_two_chambers
Orc:1:    layout_caves, mines5_lemuel
Orc:2:    pubby_orc_utopia, uniq_azrael, uniq_josephine

Skill      XL: |  1  2  3  4  5  6  7  8  9 10 11 12 13 |
---------------+----------------------------------------+-----
Axes           | 4 5 7 8 9 12 14 17 20 21 | 21.1
Fighting       | 4 8 11 13 | 13.8
Armour         | 3 7 10 11 | 11.4
Dodging        | |  2.1

Action                     |  1- 3 |  4- 6 |  7- 9 | 10-12 | 13-15 || total
---------------------------+-------+-------+-------+-------+-------++-------
  Melee: Hand axe          |    87 |    63 |       |       |       ||   150
         Headbutt          |    14 |    12 |    30 |    83 |    31 ||   170
         Punch             |     1 |     1 |       |       |       ||     2
         Battleaxe         |       |    39 |   169 |   498 |   164 ||   870
  Throw: Stone             |     3 |       |       |       |       ||     3
         Dart              |       |       |       |     1 |       ||     1
 Invoke: Trog's Hand       |       |     1 |     1 |     5 |     2 ||     9
         Berserk           |       |       |       |     4 |     1 ||     5
  Evoke: Wand              |       |       |       |     1 |       ||     1
    Use: Scroll            |     2 |     5 |     8 |    13 |     1 ||    29
 Armour: Animal skin       |    28 |       |       |       |       ||    28
         Ring mail         |     8 |    49 |       |       |       ||    57
         Chain mail        |       |     8 |   135 |   500 |    94 ||   737
  Dodge: Dodged            |    49 |    64 |    64 |   191 |    47 ||   415
